 Dungeon Crawl Stone Soup version 0.30-a0-381-g6ea064c7b4 (webtiles) character file.

Game seed: 79153657470295019

1980 funkygono the Firebug (level 9, -5/57 HPs)
             Began as a Demonspawn Fire Elementalist on Dec 1, 2022.
             Was a Believer of Vehumet.
             Slain by an orc warrior
             ... wielding a +0 trident
              (8 damage)
             ... on level 7 of the Dungeon.
             The game lasted 00:13:19 (6652 turns).

funkygono the Firebug (DsFE)                        Turns: 6652, Time: 00:13:19

Health: -5/57      AC:  7    Str:  8    XL:     9   Next: 1%
Magic:  14/19      EV: 12    Int: 20    God:    Vehumet [**....]
Gold:   412        SH:  0    Dex: 15    Spells: 10/21 levels left

rFire   . . .      SeeInvis .    z - +2 flail (protect)
rCold   . . .      Faith    .    (no shield)
rNeg    . . .      Spirit   .    a - +0 robe
rPois   .          Reflect  .    j - +1 hat
rElec   .          Harm     .    s - +1 cloak {Will+}
rCorr   .          Rampage  .    (no gloves)
Will    +....                    i - +1 pair of boots
Stlth   ++........               v - amulet of regeneration
HPRegen 1.09/turn                (no ring)
MPRegen 0.16/turn                (no ring)

@: mighty, lethally poisoned (-5 -> -6)
A: hooves 1, ignite blood 2, powered by pain 2
a: Renounce Religion


You were on level 7 of the Dungeon.
You worshipped Vehumet.
Vehumet was pleased with you.
You visited 1 branch of the dungeon, and saw 7 of its levels.

You collected 412 gold pieces.

Inventory:

Hand Weapons
 d - a +2 whip of flaming
 h - a +0 whip
 r - a +2 quarterstaff of chaos
 z - a +2 flail of protection (weapon)
Armour
 a - a +0 robe (worn)
 i - a +1 pair of boots (worn)
 j - a +1 hat (worn)
 s - a +1 cloak of willpower (worn)
 w - a +0 troll leather armour
Magical Staves
 u - a staff of conjuration
 C - a staff of air
Jewellery
 p - an amulet of reflection
 v - an amulet of regeneration (around neck)
 D - a ring of protection from fire
Wands
 f - a wand of iceblast (13)
 q - a wand of digging (8)
 t - a wand of light (16)
Scrolls
 l - a scroll of teleportation
 A - a scroll of fear
 E - a scroll of magic mapping
Potions
 b - a potion of magic
 c - 4 potions of flight
 e - a potion of resistance
 g - a potion of invisibility
 k - a potion of attraction
 m - a potion of cancellation {unknown}
 n - 2 potions of lignification
 o - 3 potions of mutation
 x - 3 potions of curing
 B - a potion of heal wounds {unknown}


   Skills:
 + Level 0.2 Fighting
 + Level 0.6 Maces & Flails
 + Level 2.2 Dodging
 - Level 1.7 Stealth
 + Level 6.9 Spellcasting
 + Level 5.4 Conjurations
 + Level 7.1 Fire Magic


You had 10 spell levels left.
You knew the following spells:

 Your Spells              Type           Power      Damage    Failure   Level
a - Foxfire               Conj/Fire      100%       2x1d9     1%          1
b - Scorch                Fire           70%        2d8       1%          2
c - Kindle Blastsparks    Fire/Tloc/Air  32%        2d12      11%         3
d - Flame Wave            Conj/Fire      32%        2d9       7%          4
e - Shock                 Conj/Air       68%        1d7       3%          1

Your spell library contained the following spells:

 Spells                   Type           Power      Damage    Failure   Level
 Poisonous Vapours        Pois/Air       12%        N/A       14%         2
 Inner Flame              Hex/Fire       21%        N/A       7%          3
 Yara's Violent Unravell  Hex/Tmut       3%         3d4       95%         5
 Enfeeble                 Hex            3%         N/A       100%        7


Dungeon Overview and Level Annotations

Branches:
Dungeon (7/15)             Temple (0/1) D:5

Altars:
Fedhas
Kikubaaqudgha
Nemelex Xobeh
Ru
Vehumet

Annotations:
D:7 Prince Ribbit


Innate Abilities, Weirdness & Mutations

You have large cloven feet.
Your demonic aura often causes spilled blood to erupt in flames.
You sometimes gain power by taking damage.


Message History

The orc warrior hits you but does no damage.
A wave of flame ripples out!
The flame wave engulfs the water moccasin!
The water moccasin is heavily wounded.
The flame wave engulfs the orc warrior but does no damage.
You feel very sick. The water moccasin bites you.
The orc warrior hits you but does no damage.
The water moccasin closely misses you.
A wave of flame ripples out!
The flame wave engulfs the water moccasin!
You kill the water moccasin!
Vehumet accepts your kill.
You feel your power returning.
The flame wave engulfs the orc warrior!
The orc warrior is moderately wounded.
The flame wave engulfs Prince Ribbit!
Prince Ribbit is burned terribly!
Prince Ribbit is severely wounded.
The flame wave engulfs the orc wizard.
The orc wizard is moderately wounded.
You finish channelling waves of flame.
You feel very sick.
Prince Ribbit is no longer more vulnerable to fire.
The orc warrior hits you from afar with a +0 trident!
You have reached level 9!
Your experience leads to an increase in your attributes!
Increase (S)trength, (I)ntelligence, or (D)exterity?
You feel clever. x2; Your demonic ancestry asserts itself...
You feel even more energised by your suffering.
Casting: Flame Wave (dangerous; 7% risk of failure)
Confirm with . or Enter, or press ? or * to list all spells.
Okay, then.
You feel sick. Prince Ribbit hits you. Prince Ribbit hits you!
* * * LOW HITPOINT WARNING * * *
You focus on the pain.
You feel very mighty all of a sudden. The orc wizard casts a spell at you.
The puff of flame hits you!
* * * LOW HITPOINT WARNING * * *
The orc warrior hits you from afar with a +0 trident!
You die...

..# .#
#.##.#
.....###
#......
#....#
#)...###.
#☼oo)....
#@# #F#
#.# #.#
#.# #..
###


You could see Prince Ribbit, an orc warrior and an orc wizard.

Vanquished Creatures
  Sigmund (D:2)
  Menkaure (D:4)
  2 water moccasins
  An ice beast (D:5)
  A sky beast (D:6)
  2 black bears
  3 ogres
  2 phantoms
  A kobold brigand (D:6)
  A necrophage (D:4)
  2 howler monkeys
  2 orc priests
  Crazy Yiuf (D:2)
  An iguana (D:4)
  Jessica (D:2)
  4 orc wizards
  Robin (D:3)
  4 gnolls (D:3)
  9 adders
  An ufetubus (D:6)
  2 worms (D:2)
  A dart slug (D:1)
  21 orcs
  12 ball pythons
  11 endoplasms
  3 giant cockroaches
  11 goblins
  13 hobgoblins
  12 kobolds
  6 quokkas
  9 bats
  4 frilled lizards
  9 rats
155 creatures vanquished.

Vanquished Creatures (collateral kills)
  A foxfire (D:4)
1 creature vanquished.

Vanquished Creatures (others)
  520 foxfires
  5 fungi (D:2)
  18 plants
543 creatures vanquished.

Grand Total: 699 creatures vanquished

Notes
Turn   | Place    | Note
-------+----------+-------------------------------------------
     0 | D:1      | funkygono the Demonspawn Fire Elementalist began the quest
                  | for the Orb.
     0 | D:1      | Reached XP level 1. HP: 13/13 MP: 3/3
   371 | D:1      | Reached skill level 3 in Fire Magic
   371 | D:1      | Gained mutation: Your demonic aura sometimes causes spilled
                  | blood to erupt in flames. [demonic ancestry]
   371 | D:1      | Reached XP level 2. HP: 19/19 MP: 0/5
   657 | D:1      | Learned a level 2 spell: Scorch
  1211 | D:2      | Reached XP level 3. HP: 24/24 MP: 4/6
  1273 | D:2      | Noticed Sigmund
  1519 | D:2      | Killed Sigmund
  1520 | D:2      | Reached skill level 4 in Fire Magic
  1520 | D:2      | Gained mutation: Your demonic aura often causes spilled
                  | blood to erupt in flames. [demonic ancestry]
  1520 | D:2      | Reached XP level 4. HP: 13/30 MP: 0/9
  1520 | D:2      | Reached XP level 5. HP: 15/35 MP: 0/10
  1773 | D:2      | You fall into a shaft and drop 1 floor!
  1862 | D:2      | Found a runed translucent door.
  1863 | D:2      | Noticed Crazy Yiuf
  2238 | D:2      | Noticed Jessica
  2241 | D:2      | Killed Jessica
  2316 | D:2      | Gained mutation: You sometimes gain a little power by
                  | taking damage. [demonic ancestry]
  2316 | D:2      | Reached XP level 6. HP: 41/41 MP: 7/11
  2356 | D:2      | Learned a level 3 spell: Kindle Blastsparks
  2494 | D:2      | Killed Crazy Yiuf
  2601 | D:2      | Learned a level 4 spell: Flame Wave
  3058 | D:3      | Noticed Robin
  3062 | D:3      | Killed Robin
  3936 | D:4      | Reached skill level 5 in Fire Magic
  4012 | D:4      | Found a radiant altar of Vehumet.
  4042 | D:4      | Noticed Menkaure
  4049 | D:4      | Killed Menkaure
  4050 | D:4      | Gained mutation: You have large cloven feet. [demonic
                  | ancestry]
  4050 | D:4      | Reached XP level 7. HP: 31/46 MP: 6/13
  4071 | D:4      | Became a worshipper of Vehumet
  4948 | D:5      | Entered Level 5 of the Dungeon
  4961 | D:5      | Reached skill level 5 in Spellcasting
  5153 | D:5      | Reached * piety under Vehumet
  5153 | D:5      | Offered knowledge of Shock by Vehumet.
  5154 | D:5      | Reached XP level 8. HP: 52/52 MP: 11/16
  5156 | D:5      | Learned a level 1 spell: Shock
  5510 | D:5      | Reached skill level 6 in Fire Magic
  5636 | D:5      | Found a staircase to the Ecumenical Temple.
  5684 | D:5      | Found a sparkling altar of Nemelex Xobeh.
  5948 | D:6      | Reached skill level 5 in Conjurations
  6467 | D:6      | Found an ancient bone altar of Kikubaaqudgha.
  6467 | D:6      | Found a sacrificial altar of Ru.
  6469 | D:6      | Found a blossoming altar of Fedhas.
  6480 | D:7      | Noticed Prince Ribbit
  6485 | D:7      | Offered knowledge of Poisonous Vapours by Vehumet.
  6490 | D:6      | Reached ** piety under Vehumet
  6573 | D:7      | Reached skill level 7 in Fire Magic
  6652 | D:7      | Gained mutation: You sometimes gain power by taking damage.
                  | [demonic ancestry]
  6652 | D:7      | Reached XP level 9. HP: 29/57 MP: 14/19
  6652 | D:7      | Slain by an orc warrior

Illustrated notes

Levels and vault maps discovered:
D:1:      mrwooster_arrival_statue, layout_basic, minivault_26,
          minmay_hedge_maze
D:2:      layout_rooms, fountainhead, minmay_diced_spiral, uniq_sigmund,
          uniq_jessica, uniq_crazy_yiuf_cottage
D:3:      layout_loops_cross, serial_bayou_pond_a, grunt_decor_arrowhead,
          guppyfry_early_lair_pool, uniq_robin
D:4:      layout_loops_cross, mainiacjoe_overflow_concentric_impassable,
          saegor_snake_ambush, uniq_menkaure
D:5:      layout_cave_pools, nemelex_dance_club_becter,
          minmay_temple_entry_poolview
D:6:      layout_cave_pools, gammafunk_temple_overflow_claw
D:7:      minmay_the_grid_square_5x5_3x3
          [minmay_the_grid_square_5x5_spiral_small,
          minmay_the_grid_square_5x5_n_small,
          minmay_the_grid_square_5x5_shuriken, minmay_the_grid_square_5x5_inset,
          minmay_the_grid_square_5x5_megaprize_hollow,
          minmay_the_grid_square_5x5_tetrominoes,
          minmay_the_grid_square_5x5_minivault,
          minmay_the_grid_square_5x5_eight_small,
          minmay_the_grid_square_5x5_trominoes], layout_loops_ring,
          nicolae_overflow_hidden_temple, roderic_roman_lattice,
          minmay_misc_feat_x, uniq_prince_ribbit1

Skill      XL: |  1  2  3  4  5  6  7  8 |
---------------+-------------------------+-----
Fire Magic     | 3 4 5 7 |  7.1
Dodging        | 2 |  2.2
Spellcasting   | 3 4 5 6 |  6.9
Conjurations   | 2 3 4 5 |  5.4
Fighting       | |  0.2
Maces & Flails | |  0.6
Stealth        | |  1.7

Action                   |  1- 3 |  4- 6 |  7- 9 || total
-------------------------+-------+-------+-------++-------
Melee: Whip              |       |    21 |       ||    21
       Flail             |       |       |     1 ||     1
 Cast: Foxfire           |    66 |   119 |   123 ||   308
       Scorch            |       |    15 |    17 ||    32
       Flame Wave        |       |       |     3 ||     3
  Use: Scroll            |       |     6 |    11 ||    17
Armor: Robe              |     4 |     6 |     6 ||    16
Dodge: Dodged            |    22 |    12 |     9 ||    43
Block: Other             |       |     4 |       ||     4

Table legend: (Time is in decaauts)
 A = Elapsed time spent in this place.
 B = Non-inter-level travel time spent in this place.
 C = Inter-level travel time spent in this place.
 D = Time resting spent in this place.
 E = Time spent auto-exploring this place.
 F = Levels seen in this place.
 G = Mean time per level.
                   A        B        C        D        E       F      G
               +--------+--------+--------+--------+--------+-----+--------+
         Total |   6667 |   6582 |     85 |    303 |   5207 |   7 |  952.4 |
       Dungeon |   6667 |   6582 |     85 |    303 |   5207 |   7 |  952.4 |
               +--------+--------+--------+--------+--------+-----+--------+

Top non-repeatable levels by time:
     D:1: 1300 daAuts
     D:2: 1266 daAuts
     D:3: 1219 daAuts
     D:4: 1176 daAuts
     D:5: 912 daAuts
     D:6: 771 daAuts
     D:7: 21 daAuts
